HBL
NEW ORLEANS BRASS @ OMAHA STORM CHASERS
06/24/1997
 
TOP OF THE 1ST
New Orleans Brass batting - Pitching for Omaha Storm Chasers : RHP Calvin Maduro
Pitching: RHP Calvin Maduro
Batting: SHB Cecil Espy 0-0: Swinging Strike
0-1: Bunt for hit to 25 - play at first, batter safe!
Batting: SHB Ruben Sierra 0-0: Ball
1-0: Foul Ball, location: 2F
1-1: Swinging Strike
1-2: 2-RUN HOME RUN (Flyball, 7LD, EV 99.4 MPH), Distance : 333 ft
Batting: RHB Scott Brosius 0-0: Ball
1-0: Swinging Strike
1-1: SINGLE (Flyball, 56D, EV 95.6 MPH)
Batting: SHB Jose L Cruz 0-0: Ball
1-0: Foul Ball, location: 2F
1-1: Swinging Strike
1-2: Fly out, F4 (Popup, 4, EV 71.3 MPH)
Batting: RHB Eric Karros 0-0: Called Strike
0-1: Called Strike
0-2: Strikes out swinging
Batting: SHB Jose Vidro 0-0: Ball
1-0: Ball
2-0: Called Strike
2-1: Called Strike
2-2: Strikes out swinging
Top of the 1st over - 2 runs, 3 hits, 0 errors, 1 left on base; New Orleans 2 - Omaha 0
BOTTOM OF THE 1ST
Omaha Storm Chasers batting - Pitching for New Orleans Brass : RHP Mike Dunne
Pitching: RHP Mike Dunne
Batting: RHB Roberto Mejia 0-0: Ground out 4-3 (Groundball, 4, EV 105.6 MPH)
Batting: RHB Hensley Meulens 0-0: Ball
1-0: Swinging Strike
1-1: Swinging Strike
1-2: Foul Ball, location: 2F
1-2: Ball
2-2: Ball
3-2: DOUBLE (Line Drive, 89XD, EV 109.4 MPH)
Batting: RHB Matt Mieske 0-0: Foul Ball, location: 2F
0-1: Ball
1-1: Foul Ball, location: 2F
1-2: Strikes out looking
Batting: RHB Eduardo Perez 0-0: Ground out 5-3 (Groundball, 56, EV 107.5 MPH)
Bottom of the 1st over - 0 runs, 1 hit, 0 errors, 1 left on base; New Orleans 2 - Omaha 0
TOP OF THE 2ND
New Orleans Brass batting - Pitching for Omaha Storm Chasers : RHP Calvin Maduro
Batting: LHB Greg Myers 0-0: Called Strike
0-1: Ball
1-1: Foul Ball, location: 2F
1-2: Ground out 5-3 (Groundball, 5, EV 105.0 MPH)
Batting: SHB Wilson Delgado 0-0: Ball
1-0: Ball
2-0: SINGLE (Groundball, 34D, EV 100.0 MPH)
Batting: RHB Luis Ordaz 0-0: Foul Ball, location: 2F
0-1: Foul Ball, location: 2F
0-2: Fielders Choice at 2nd, 4-6 (Groundball, 4, EV 78.8 MPH)
Batting: SHB Cecil Espy 0-0: Fly out, F6 (Line Drive, 6, EV 75.6 MPH)
Top of the 2nd over - 0 runs, 1 hit, 0 errors, 1 left on base; New Orleans 2 - Omaha 0
BOTTOM OF THE 2ND
Omaha Storm Chasers batting - Pitching for New Orleans Brass : RHP Mike Dunne
Batting: SHB Javier Valentin 0-0: Foul Ball, location: 2F
0-1: Ground out 4-3 (Groundball, 4S, EV 80.0 MPH)
Batting: RHB Danny Clyburn 0-0: Ball
1-0: Fly out, F7 (Line Drive, 7, EV 91.3 MPH)
Batting: SHB Pablo Martinez 0-0: SINGLE (Groundball, 4MD, EV 97.5 MPH)
Batting: RHB Henry Blanco 0-0: Ball
1-0: Ball
2-0: Foul Ball, location: 2F
2-1: Foul Ball, location: 2F
2-2: Strikes out looking
Bottom of the 2nd over - 0 runs, 1 hit, 0 errors, 1 left on base; New Orleans 2 - Omaha 0
TOP OF THE 3RD
New Orleans Brass batting - Pitching for Omaha Storm Chasers : RHP Calvin Maduro
Batting: SHB Ruben Sierra 0-0: Called Strike
0-1: Ball
1-1: Ball
2-1: TRIPLE (Flyball, 78XD, EV 106.9 MPH)
Batting: RHB Scott Brosius 0-0: Ball
1-0: 2-RUN HOME RUN (Flyball, 78XD, EV 89.4 MPH), Distance : 408 ft
Batting: SHB Jose L Cruz 0-0: Ball
1-0: Ball
2-0: Ground out U3 (Groundball, 34, EV 98.8 MPH)
Batting: RHB Eric Karros 0-0: Ball
1-0: Foul Ball, location: 2F
1-1: Foul Ball, location: 2F
1-2: Ball
2-2: Foul Ball, location: 2F
2-2: Foul Ball, location: 2F
2-2: Foul Ball, location: 2F
2-2: Ball
3-2: Reached on error, E6 (Groundball, 6, EV 83.1 MPH)
Batting: SHB Jose Vidro 0-0: SINGLE (Line Drive, 9S, EV 93.1 MPH)
Eric Karros to second
Eric Karros to third
Batting: LHB Greg Myers 0-0: Called Strike
0-1: Foul Ball, location: 2F
0-2: Ball
1-2: Ball
2-2: SINGLE (Groundball, 34D, EV 104.4 MPH)
Eric Karros scores
Jose Vidro to second
Runner from 2nd tries for 3rd, SAFE, throw by RF made to third
Batting: SHB Wilson Delgado 0-0: Ball
1-0: Foul Ball, location: 2F
1-1: SINGLE (Line Drive, 56D, EV 98.1 MPH)
Jose Vidro scores
Greg Myers to second
Batting: RHB Luis Ordaz 0-0: Ball
1-0: Grounds into double play, 1-6-3 (Groundball, 13S, EV 70.0 MPH)
Top of the 3rd over - 4 runs, 5 hits, 1 error, 1 left on base; New Orleans 6 - Omaha 0
BOTTOM OF THE 3RD
Omaha Storm Chasers batting - Pitching for New Orleans Brass : RHP Mike Dunne
Batting: RHB Riccardo Ingram 0-0: Ball
1-0: Called Strike
1-1: Fly out, F8 (Flyball, 78D, EV 100.0 MPH)
Batting: RHB Roberto Mejia 0-0: Ball
1-0: Foul Ball, location: 2F
1-1: TRIPLE (Line Drive, 89XD, EV 100.6 MPH)
Batting: RHB Hensley Meulens 0-0: DOUBLE (Flyball, 8RXD, EV 105.6 MPH)
Roberto Mejia scores
Batting: RHB Matt Mieske 0-0: SINGLE (Line Drive, 8LS, EV 101.9 MPH)
Hensley Meulens to third
Batting: RHB Eduardo Perez 0-0: Called Strike
0-1: Ball
1-1: Foul Ball, location: 2F
1-2: Strikes out swinging
Batting: SHB Javier Valentin 0-0: Ball
1-0: Fly out, F8 (Flyball, 8LXD, EV 85.6 MPH)
Bottom of the 3rd over - 1 run, 3 hits, 0 errors, 2 left on base; New Orleans 6 - Omaha 1
TOP OF THE 4TH
New Orleans Brass batting - Pitching for Omaha Storm Chasers : RHP Calvin Maduro
Batting: SHB Cecil Espy 0-0: Ground out 1-3 (Groundball, 34S, EV 68.8 MPH)
Batting: SHB Ruben Sierra 0-0: Foul Ball, location: 2F
0-1: Foul Ball, location: 2F
0-2: Fly out, F8 (Flyball, 8RD, EV 90.6 MPH)
Batting: RHB Scott Brosius 0-0: Called Strike
0-1: Ball
1-1: Foul Ball, location: 2F
1-2: Ground out 4-3 (Groundball, 4, EV 81.9 MPH)
Top of the 4th over - 0 runs, 0 hits, 0 errors, 0 left on base; New Orleans 6 - Omaha 1
BOTTOM OF THE 4TH
Omaha Storm Chasers batting - Pitching for New Orleans Brass : RHP Mike Dunne
Batting: RHB Danny Clyburn 0-0: Swinging Strike
0-1: Ground out 4-3 (Groundball, 4, EV 103.1 MPH)
Batting: SHB Pablo Martinez 0-0: Called Strike
0-1: Ball
1-1: Ball
2-1: Ground out U3 (Groundball, 3, EV 85.6 MPH)
Batting: RHB Henry Blanco 0-0: Ball
1-0: Ground out 4-3 (Groundball, 4, EV 100.0 MPH)
Bottom of the 4th over - 0 runs, 0 hits, 0 errors, 0 left on base; New Orleans 6 - Omaha 1
TOP OF THE 5TH
New Orleans Brass batting - Pitching for Omaha Storm Chasers : RHP Calvin Maduro
Pitching: LHP Carlos Pulido
Batting: SHB Jose L Cruz 0-0: Called Strike
0-1: Foul Ball, location: 2F
0-2: Ball
1-2: Ground out 6-3 (Groundball, 6, EV 79.4 MPH)
Batting: RHB Eric Karros 0-0: Called Strike
0-1: Ball
1-1: Foul Ball, location: 2F
1-2: SOLO HOME RUN (Flyball, 7LD, EV 98.8 MPH), Distance : 346 ft
Batting: SHB Jose Vidro 0-0: Ball
1-0: Swinging Strike
1-1: Foul Ball, location: 2F
1-2: Ground out 6-3 (Groundball, 6S, EV 79.4 MPH)
Batting: LHB Greg Myers 0-0: Called Strike
0-1: Swinging Strike
0-2: Foul Ball, location: 2F
0-2: Foul Ball, location: 2F
0-2: Ball
1-2: Foul Ball, location: 2F
1-2: Ball
2-2: Ball
3-2: Base on Balls
Batting: SHB Wilson Delgado 0-0: Ball
1-0: Ball
2-0: Fly out, F9 (Flyball, 9LSF, EV 81.3 MPH)
Top of the 5th over - 1 run, 1 hit, 0 errors, 1 left on base; New Orleans 7 - Omaha 1
BOTTOM OF THE 5TH
Omaha Storm Chasers batting - Pitching for New Orleans Brass : RHP Mike Dunne
Batting: RHB Riccardo Ingram 0-0: Fly out, F9 (Flyball, 9S, EV 90.6 MPH)
Batting: RHB Roberto Mejia 0-0: Foul Ball, location: 2F
0-1: Fly out, F9 (Line Drive, 9, EV 88.8 MPH)
Batting: RHB Hensley Meulens 0-0: Ball
1-0: Ball
2-0: Called Strike
2-1: Foul Ball, location: 2F
2-2: SINGLE (Flyball, 78M, EV 85.6 MPH)
Batting: RHB Matt Mieske 0-0: Swinging Strike
0-1: Called Strike
0-2: SINGLE (Groundball, 56D, EV 96.9 MPH)
Hensley Meulens to second
Batting: RHB Eduardo Perez 0-0: Called Strike
0-1: Called Strike
0-2: Ball
1-2: Ball
2-2: DOUBLE (Flyball, 8RXD, EV 88.1 MPH)
Hensley Meulens scores
Matt Mieske to third
Batting: SHB Javier Valentin 0-0: Ball
1-0: Ground out 3-1 (Groundball, 34, EV 90.0 MPH)
Bottom of the 5th over - 1 run, 3 hits, 0 errors, 2 left on base; New Orleans 7 - Omaha 2
TOP OF THE 6TH
New Orleans Brass batting - Pitching for Omaha Storm Chasers : LHP Carlos Pulido
Batting: RHB Luis Ordaz 0-0: Called Strike
0-1: Swinging Strike
0-2: Foul Ball, location: 2F
0-2: Ball
1-2: Fly out, F6 (Popup, 6M, EV 73.1 MPH)
Batting: SHB Cecil Espy 0-0: Called Strike
0-1: SINGLE (Groundball, 34D, EV 94.4 MPH)
Batting: SHB Ruben Sierra 0-0: Ball
1-0: Fly out, F7 (Flyball, 78M, EV 93.8 MPH)
Batting: RHB Scott Brosius 0-0: Called Strike
0-1: Ball
1-1: Foul Ball, location: 2F
1-2: Ball
2-2: Foul Ball, location: 2F
2-2: SINGLE (Line Drive, 8RS, EV 96.9 MPH)
Cecil Espy to second
Runner from 2nd tries for 3rd, SAFE, throw by CF made to third
Batting: SHB Jose L Cruz 0-0: SINGLE (Groundball, 34S, EV 80.6 MPH) (infield hit)
Cecil Espy scores
Scott Brosius to second
Batting: RHB Eric Karros 0-0: Ball
1-0: Called Strike
1-1: Foul Ball, location: 2F
1-2: Foul Ball, location: 2F
1-2: Fly out, F9 (Flyball, 89M, EV 88.1 MPH)
Top of the 6th over - 1 run, 3 hits, 0 errors, 2 left on base; New Orleans 8 - Omaha 2
BOTTOM OF THE 6TH
Omaha Storm Chasers batting - Pitching for New Orleans Brass : RHP Mike Dunne
Batting: RHB Danny Clyburn 0-0: Called Strike
0-1: Ball
1-1: Ball
2-1: SOLO HOME RUN (Flyball, 78XD, EV 100.6 MPH), Distance : 402 ft
Batting: SHB Pablo Martinez 0-0: Ball
1-0: SINGLE (Groundball, 4D, EV 100.0 MPH)
Batting: RHB Henry Blanco 0-0: Ball
1-0: Foul Ball, location: 2F
1-1: Foul Ball, location: 2F
1-2: Strikes out swinging
Batting: RHB Riccardo Ingram 0-0: Foul Ball, location: 2F
0-1: Ball
1-1: Ball
2-1: Foul Ball, location: 2F
2-2: Foul Ball, location: 2F
2-2: SINGLE (Flyball, 8RS, EV 94.4 MPH)
Pablo Martinez to second
Batting: RHB Roberto Mejia 0-0: Called Strike
0-1: Ball
1-1: Foul Ball, location: 2F
1-2: SINGLE (Groundball, 6MD, EV 101.9 MPH)
Pablo Martinez to third
Riccardo Ingram to second
Batting: RHB Hensley Meulens 0-0: Called Strike
0-1: Swinging Strike
0-2: Strikes out swinging
Batting: RHB Matt Mieske 0-0: Called Strike
0-1: Foul Ball, location: 2F
0-2: Foul Ball, location: 2F
0-2: SINGLE (Line Drive, 8LS, EV 106.3 MPH)
Pablo Martinez scores
Riccardo Ingram to third
Roberto Mejia to second
Batting: RHB Eduardo Perez 0-0: Ball
1-0: Ball
2-0: Swinging Strike
2-1: Foul Ball, location: 2F
2-2: Ball
3-2: Fly out, F5 (Popup, 6S, EV 86.9 MPH)
Bottom of the 6th over - 2 runs, 5 hits, 0 errors, 3 left on base; New Orleans 8 - Omaha 4
TOP OF THE 7TH
New Orleans Brass batting - Pitching for Omaha Storm Chasers : LHP Carlos Pulido
Batting: SHB Jose Vidro 0-0: Fly out, F8 (Flyball, 8RM, EV 78.8 MPH)
Batting: LHB Greg Myers 0-0: Ball
1-0: Called Strike
1-1: Foul Ball, location: 2F
1-2: Foul Ball, location: 2F
1-2: Ball
2-2: Ball
3-2: Foul Ball, location: 2F
3-2: Ground out 5-3 (Groundball, 56, EV 85.6 MPH)
Batting: SHB Wilson Delgado 0-0: Ball
1-0: Ball
2-0: Ball
3-0: Called Strike
3-1: Base on Balls
Pitching: RHP Mike Bovee
Batting: RHB Luis Ordaz 0-0: Called Strike
0-1: Foul Ball, location: 2F
0-2: Ball
1-2: Ball
2-2: Fielders Choice at 2nd, 6-4 (Groundball, 6, EV 84.4 MPH)
Top of the 7th over - 0 runs, 0 hits, 0 errors, 1 left on base; New Orleans 8 - Omaha 4
BOTTOM OF THE 7TH
Omaha Storm Chasers batting - Pitching for New Orleans Brass : RHP Mike Dunne
Batting: SHB Javier Valentin 0-0: Called Strike
0-1: Ball
1-1: Ground out 4-3 (Groundball, 4MD, EV 100.6 MPH)
Batting: RHB Danny Clyburn 0-0: Ball
1-0: Foul Ball, location: 2F
1-1: SINGLE (Groundball, 34D, EV 96.3 MPH)
Batting: SHB Pablo Martinez 0-0: Fly out, F7 (Flyball, 78M, EV 78.8 MPH)
Batting: RHB Henry Blanco 0-0: Ball
1-0: Ball
Wild Pitch!
Danny Clyburn to second
2-0: Foul Ball, location: 2F
2-1: Fly out, F8 (Flyball, 8RD, EV 96.3 MPH)
Bottom of the 7th over - 0 runs, 1 hit, 0 errors, 1 left on base; New Orleans 8 - Omaha 4
TOP OF THE 8TH
New Orleans Brass batting - Pitching for Omaha Storm Chasers : RHP Mike Bovee
Batting: SHB Cecil Espy 0-0: Ball
1-0: Called Strike
1-1: Ground out 6-3 (Groundball, 6M, EV 83.8 MPH)
Batting: SHB Ruben Sierra 0-0: Foul Ball, location: 2F
0-1: Fly out, F7 (Flyball, 7LS, EV 93.8 MPH)
Batting: RHB Scott Brosius 0-0: Ball
1-0: Ball
2-0: Ball
3-0: Called Strike
3-1: Base on Balls
Batting: SHB Jose L Cruz 0-0: Ball
1-0: Ball
2-0: SINGLE (Groundball, 4D, EV 94.4 MPH)
Scott Brosius to second
Runner from 2nd tries for 3rd, SAFE, no throw by RF
Batting: RHB Eric Karros 0-0: Ball
1-0: Ball
2-0: Ball
3-0: Fly out, F4 (Flyball, 4D, EV 76.3 MPH)
Top of the 8th over - 0 runs, 1 hit, 0 errors, 2 left on base; New Orleans 8 - Omaha 4
BOTTOM OF THE 8TH
Omaha Storm Chasers batting - Pitching for New Orleans Brass : RHP Mike Dunne
Batting: RHB Riccardo Ingram 0-0: Ball
1-0: Ground out 4-3 (Groundball, 4, EV 108.1 MPH)
Batting: RHB Roberto Mejia 0-0: Called Strike
0-1: Fly out, F7 (Flyball, 78M, EV 86.3 MPH)
Batting: RHB Hensley Meulens 0-0: Called Strike
0-1: Foul Ball, location: 2F
0-2: Foul Ball, location: 2F
0-2: Ball
1-2: Foul Ball, location: 2F
1-2: Ball
2-2: Ball
3-2: Foul Ball, location: 2F
3-2: SINGLE (Line Drive, 6M, EV 93.8 MPH)
Batting: RHB Matt Mieske 0-0: Ball
1-0: Called Strike
1-1: Called Strike
1-2: Foul Ball, location: 2F
1-2: Foul Ball, location: 2F
1-2: SINGLE (Groundball, 15S, EV 63.1 MPH) (infield hit)
Hensley Meulens to second
Batting: RHB Eduardo Perez 0-0: Called Strike
0-1: Ball
1-1: Called Strike
1-2: SINGLE (Flyball, 78S, EV 82.5 MPH)
Hensley Meulens to third
Matt Mieske to second
Runner from 3rd tries for Home, SAFE, no throw by LF
Pitching: LHP Tim Davis
Batting: SHB Javier Valentin 0-0: Fly out, F4 (Line Drive, 4, EV 63.8 MPH)
Bottom of the 8th over - 1 run, 3 hits, 0 errors, 2 left on base; New Orleans 8 - Omaha 5
TOP OF THE 9TH
New Orleans Brass batting - Pitching for Omaha Storm Chasers : RHP Mike Bovee
Batting: SHB Jose Vidro 0-0: Called Strike
0-1: Ball
1-1: Ground out 6-3 (Groundball, 6, EV 100.6 MPH)
Batting: LHB Greg Myers 0-0: SINGLE (Line Drive, 5D, EV 104.4 MPH)
Pitching: RHP Mike Cather
Batting: SHB Wilson Delgado 0-0: Swinging Strike
0-1: Swinging Strike
0-2: Ball
1-2: Strikes out looking
Batting: RHB Luis Ordaz 0-0: Called Strike
0-1: Ground out 1-3 (Groundball, P, EV 73.8 MPH)
Top of the 9th over - 0 runs, 1 hit, 0 errors, 1 left on base; New Orleans 8 - Omaha 5
BOTTOM OF THE 9TH
Omaha Storm Chasers batting - Pitching for New Orleans Brass : LHP Tim Davis
Batting: RHB Danny Clyburn 0-0: Bunted foul
0-1: Ball
1-1: Ball
2-1: SINGLE (Line Drive, 5, EV 66.3 MPH) (infield hit)
Batting: SHB Pablo Martinez 0-0: Called Strike
0-1: SINGLE (Groundball, 6MD, EV 96.3 MPH)
Danny Clyburn to second
Batting: RHB Henry Blanco 0-0: Ball
1-0: Called Strike
1-1: Swinging Strike
1-2: SINGLE (Line Drive, 9LS, EV 98.1 MPH)
Danny Clyburn to third
Pablo Martinez to second
Batting: RHB Riccardo Ingram 0-0: Fly out, F4 (Popup, 3S, EV 80.0 MPH)
Batting: RHB Roberto Mejia 0-0: Ball
1-0: Ball
2-0: Called Strike
2-1: Foul Ball, location: 2F
2-2: Ball
3-2: DOUBLE (Line Drive, 9LD, EV 110.0 MPH)
Danny Clyburn scores
Pablo Martinez scores
Henry Blanco to third
Runner from 3rd tries for Home, SAFE, throw by RF to trailing runner, SAFE at third!
Pitching: RHP Luis Aquino
Batting: RHB Hensley Meulens 0-0: Foul Ball, location: 2F
0-1: Foul Ball, location: 2F
0-2: Ball
1-2: Ground out 5-3 (Groundball, 56S, EV 81.9 MPH)
Batting: RHB Matt Mieske 0-0: Ball
1-0: Called Strike
1-1: Foul Ball, location: 2F
1-2: Ball
2-2: Ball
3-2: Strikes out swinging
Bottom of the 9th over - 3 runs, 4 hits, 0 errors, 1 left on base; New Orleans 8 - Omaha 8
TOP OF THE 10TH
New Orleans Brass batting - Pitching for Omaha Storm Chasers : RHP Mike Cather
Pitching: LHP Tony J. Castillo
Batting: SHB Cecil Espy 0-0: Called Strike
0-1: Ball
1-1: Ball
2-1: Foul Ball, location: 2F
2-2: Foul Ball, location: 2F
2-2: Ball
3-2: Ground out 4-3 (Groundball, 4, EV 77.5 MPH)
Batting: SHB Ruben Sierra 0-0: Called Strike
0-1: Ground out 5-3 (Groundball, 5, EV 87.5 MPH)
Batting: RHB Scott Brosius 0-0: Ball
1-0: Foul Ball, location: 2F
1-1: Foul Ball, location: 2F
1-2: TRIPLE (Flyball, 89XD, EV 106.9 MPH)
Batting: SHB Jose L Cruz 0-0: Ball
1-0: Swinging Strike
1-1: Ground out 6-3 (Groundball, 6, EV 106.3 MPH)
Top of the 10th over - 0 runs, 1 hit, 0 errors, 1 left on base; New Orleans 8 - Omaha 8
BOTTOM OF THE 10TH
Omaha Storm Chasers batting - Pitching for New Orleans Brass : RHP Luis Aquino
Batting: RHB Eduardo Perez 0-0: Ball
1-0: Called Strike
1-1: Ball
2-1: Swinging Strike
2-2: Ground out 4-3 (Groundball, 4, EV 91.3 MPH)
Batting: SHB Javier Valentin 0-0: Called Strike
0-1: Called Strike
0-2: Ball
1-2: Foul Ball, location: 2F
1-2: Ball
2-2: Ball
3-2: Ground out 4-3 (Groundball, 4, EV 83.1 MPH)
Batting: RHB Danny Clyburn 0-0: Called Strike
0-1: Ball
1-1: SINGLE (Line Drive, 8LS, EV 95.6 MPH)
Batting: SHB Pablo Martinez 0-0: Fly out, F4 (Line Drive, 4, EV 71.3 MPH)
Bottom of the 10th over - 0 runs, 1 hit, 0 errors, 1 left on base; New Orleans 8 - Omaha 8
TOP OF THE 11TH
New Orleans Brass batting - Pitching for Omaha Storm Chasers : LHP Tony J. Castillo
Pitching: RHP Matt Turner
Batting: RHB Eric Karros 0-0: Called Strike
0-1: Ball
1-1: Ball
2-1: Fly out, F9 (Flyball, 9, EV 90.0 MPH)
Batting: SHB Jose Vidro 0-0: SINGLE (Line Drive, 9S, EV 102.5 MPH)
Pinch Hitting: LHB Kent Hrbek 0-0: Called Strike
Jose Vidro steals 2nd base
0-1: Ball
1-1: Intentional Walk
Batting: SHB Wilson Delgado 0-0: Ball
1-0: Ball
2-0: Fly out, F9 (Flyball, 9LS, EV 98.1 MPH)
Batting: RHB Luis Ordaz 0-0: DOUBLE (Groundball, 5L, EV 106.9 MPH)
Jose Vidro scores
Kent Hrbek to third
Batting: SHB Cecil Espy 0-0: Ball
1-0: Fly out, F4 (Line Drive, 4, EV 74.4 MPH)
Top of the 11th over - 1 run, 2 hits, 0 errors, 2 left on base; New Orleans 9 - Omaha 8
BOTTOM OF THE 11TH
Omaha Storm Chasers batting - Pitching for New Orleans Brass : RHP Luis Aquino
Now at C: Angelo Encarnacion
Batting: RHB Henry Blanco 0-0: SINGLE (Groundball, 34D, EV 110.0 MPH)
Pitching: RHP Cris Carpenter
Batting: RHB Riccardo Ingram 0-0: Called Strike
0-1: Foul Ball, location: 2F
0-2: 2-RUN HOME RUN (Flyball, 9D, EV 103.8 MPH), Distance : 365 ft
Saturday, February 28th, 2026 - OOTP Baseball 20.8 Build 74